 Dungeon Crawl Stone Soup version 0.24.0-1-gfbc8707122 (webtiles) character file.

Game seed: 3944960437979193233, levelgen mode: deterministic

619889 zkyp the Slayer (level 27, -6/209 HPs)
             Began as a Halfling Fire Elementalist on Oct 26, 2019.
             Was the Champion of the Shining One.
             Splashed by an acid dragon's acid (11 damage)
             ... on level 10 of a ziggurat.
             The game lasted 02:20:48 (75283 turns).

zkyp the Slayer (Halfling Fire Elementalist)       Turns: 75283, Time: 02:20:49

Health: -6/209     AC: 40    Str: 18    XL:     27
Magic:  35/35      EV: 22    Int: 19    God:    the Shining One [******]
Gold:   3118       SH: 22    Dex: 20    Spells: 28/29 levels left

rFire    + + .     SeeInvis +   b - +7 captain's cutlass {speed, disarm}
rCold    + . .     Gourm    +   Q - +5 shield {AC+3}
rNeg     + + +     Faith    .   K - +9 plate armour of the Fifty Suns {*Slow rN+ Str+3 Slay+3}
rPois    +         Spirit   .   w - +2 hat of Lugonu's Outrage {rPois rF+ Dex-4 Slay+6 SInv}
rElec    .         Reflect  .   C - +2 cloak {MR+}
rCorr    .         Harm     .   M - +1 pair of gloves of Narcissism {MR+}
MR       ++++.                  h - +2 pair of boots
Stlth    ..........             l - amulet "Xiytek" {Gourm Int+3 Slay+2 SInv Stlth+}
HPRegen  0.00/turn              p - ring of Tender Moments {rC+ Slay+2}
MPRegen  0.24/turn              e - ring "Ytabloni" {+Blink rF+ Int+3 Slay+6}

@: lethally poisoned (-6 -> -11), corroded, very slightly contaminated,
non-regenerating, diseased, glowing
A: small, mutation resistance 1, strong 1
}: 4/15 runes: decaying, slimy, silver, gossamer
a: Divine Shield, Cleansing Flame, Summon Divine Warrior, Renounce Religion,
Evoke Blink


You were on level 10 of a ziggurat.
You worshipped the Shining One.
The Shining One was exalted by your worship.
You were very full.

You visited 11 branches of the dungeon, and saw 53 of its levels.
You visited the Abyss 1 time.
You visited 1 ziggurat, and saw 10 of its levels.
You also visited: Gauntlet and Ice Cave.

You collected 28569 gold pieces.
You spent 11373 gold pieces at shops.
You paid 14078 gold pieces to Gozag.

Inventory:

Hand Weapons
 a - a +9 eudemon blade of holy wrath
 b - the +7 captain's cutlass (weapon) {speed, disarm}
   (You found it on level 3 of the Elven Halls)

   Attacks with this weapon are significantly faster.
Missiles
 D - 2 throwing nets {=f =F}
 T - 18 curare-tipped darts (quivered)
Armour
 g - the cursed +0 cloak of Exiofrun {rElec rF+ Dex+4 Slay-5}
   (You found it on level 5 of the Pits of Slime)

   It affects your dexterity (+4).
   It affects your accuracy and damage with ranged weapons and melee attacks
   (-5).
   It protects you from fire.
   It insulates you from electricity.
   It has a curse placed upon it.
 h - a +2 pair of boots (worn)
 w - the +2 hat of Lugonu's Outrage (worn) {rPois rF+ Dex-4 Slay+6 SInv}
   (You acquired it on level 2 of the Depths)

   It affects your dexterity (-4).
   It affects your accuracy and damage with ranged weapons and melee attacks
   (+6).
   It protects you from fire.
   It protects you from poison.
   It lets you see invisible.
 y - the +2 helmet "Opsus" {rElec Str+4 Dex-4}
   (You bought it in a shop on level 12 of the Dungeon)

   It affects your strength (+4).
   It affects your dexterity (-4).
   It insulates you from electricity.
 C - a +2 cloak of magic resistance (worn)
 H - a +5 shield of poison resistance
 K - the +9 plate armour of the Fifty Suns (worn) {*Slow rN+ Str+3 Slay+3}
   (You found it on level 3 of the Lair of Beasts)

   It affects your strength (+3).
   It affects your accuracy and damage with ranged weapons and melee attacks
   (+3).
   It protects you from negative energy.
   It may slow you when you take damage.
 M - the +1 pair of gloves of Narcissism (worn) {MR+}
   (You bought it in a shop on level 14 of the Dungeon)

   It affects your resistance to hostile enchantments.
 Q - a +5 shield of protection (worn)
Jewellery
 e - the ring "Ytabloni" (right hand) {+Blink rF+ Int+3 Slay+6}
   (You found it on level 5 of the Vaults)

   [ring of slaying]

   It affects your intelligence (+3).
   It affects your accuracy and damage with ranged weapons and melee attacks
   (+6).
   It protects you from fire.
   It lets you blink.
 i - the amulet of Kibergh {+Rage rElec MR+}
   (You found it on level 8 of a ziggurat)

   [amulet of rage]

   It insulates you from electricity.
   It affects your resistance to hostile enchantments.
   It lets you go berserk.
 l - the amulet "Xiytek" (around neck) {Gourm Int+3 Slay+2 SInv Stlth+}
   (You bought it in a shop on level 14 of the Dungeon)

   [amulet of the gourmand]

   It allows you to eat raw meat even when not hungry.
   It affects your intelligence (+3).
   It affects your accuracy and damage with ranged weapons and melee attacks
   (+2).
   It lets you see invisible.
   It makes you more stealthy.
 p - the ring of Tender Moments (left hand) {rC+ Slay+2}
   (You bought it in a shop on level 14 of the Dungeon)

   [ring of protection from cold]

   It affects your accuracy and damage with ranged weapons and melee attacks
   (+2).
   It protects you from cold.
 P - an uncursed ring of flight
 X - the ring of Dasuser {rF+ rCorr Str+2}
   (You took it off a yaktaur on level 5 of the Vaults)

   [ring of resist corrosion]

   It affects your strength (+2).
   It protects you from fire.
   It provides partial protection from all sources of acid and corrosion.
Wands
 U - a wand of paralysis (15)
 W - a wand of digging (10)
 Y - a wand of acid (21)
 Z - a wand of scattershot (6)
Scrolls
 m - 5 scrolls of holy word
 n - 9 scrolls of fog
 q - 11 scrolls of identify {@r2}
 r - 23 scrolls of teleportation
 s - 16 scrolls of blinking
 u - 11 scrolls of magic mapping
 v - 24 scrolls of remove curse {@r1}
 F - 11 scrolls of fear
 O - a scroll of summoning
 V - a scroll of silence {!r}
Potions
 d - 9 potions of ambrosia
 f - 3 potions of resistance
 j - a potion of mutation {!q}
 A - 8 potions of haste
 B - 2 potions of magic
 G - 3 potions of cancellation
 I - 6 potions of might
 J - 8 potions of agility
 L - 10 potions of heal wounds
 N - 4 potions of berserk rage {!q}
 S - 21 potions of curing {@q1}
Miscellaneous
 k - a fan of gales (inert)
 o - 7 phantom mirrors
 t - a box of beasts
 x - a lamp of fire
 z - 3 sacks of spiders
 R - a phial of floods
Comestibles
 c - 31 rations


   Skills:
 + Level 22.8 Fighting
 - Level 12.0(14.8) Short Blades
 - Level 12.7(14.0) Long Blades
 - Level 21.0 Armour
 - Level 20.3 Dodging
 - Level 2.1 Stealth
 - Level 21.0 Shields
 - Level 1.5 Spellcasting
 - Level 0.7 Conjurations
 - Level 3.0 Fire Magic
 - Level 16.1 Invocations
 - Level 10.1 Evocations


You had 28 spell levels left.
You knew the following spells:

 Your Spells              Type           Power        Failure   Level  Hunger
z - Flame Tongue          Conj/Fire      #....        56%         1    ##.....

Your spell library contained the following spells:

 Spells                   Type           Power        Failure   Level  Hunger
 Throw Flame              Conj/Fire      #.....       71%         2    ###....
 Magic Dart               Conj           #...         73%         1    ##.....
 Shock                    Conj/Air       #...         77%         1    ##.....
 Sting                    Conj/Pois      #...         77%         1    ##.....
 Animate Skeleton         Necr           N/A          83%         1    ##.....
 Apportation              Tloc           #.....       83%         1    ##.....
 Beastly Appendage        Tmut           #.....       83%         1    ##.....
 Confusing Touch          Hex            #.....       83%         1    ##.....
 Infusion                 Chrm           #...         83%         1    ##.....
 Sandblast                Erth           #.....       83%         1    ##.....
 Summon Butterflies       Summ           #.......     83%         1    ##.....
 Summon Small Mammal      Summ           #...         83%         1    ##.....
 Searing Ray              Conj           #.....       86%         2    ###....
 Conjure Flame            Conj/Fire      #.......     90%         3    ####...
 Blink                    Tloc           N/A          92%         2    ###....
 Call Imp                 Summ           #.......     92%         2    ###....
 Corpse Rot               Necr           N/A          92%         2    ###....
 Ensorcelled Hibernation  Hex/Ice        #.....       92%         2    ###....
 Passwall                 Tmut/Erth      #.......     92%         2    ###....
 Poisonous Vapours        Pois/Air       #.....       92%         2    ###....
 Shroud of Golubria       Chrm/Tloc      #.....       92%         2    ###....
 Slow                     Hex            #.......     92%         2    ###....
 Song of Slaying          Chrm           #.......     92%         2    ###....
 Sticks to Snakes         Tmut           #.......     92%         2    ###....
 Sublimation of Blood     Necr           #.........   92%         2    ###....
 Swiftness                Chrm/Air       #.......     92%         2    ###....
 Inner Flame              Hex/Fire       #.......     94%         3    ####...
 Ignite Poison            Fire/Tmut/Pois #.......     96%         3    ####...
 Dazzling Spray           Conj/Hex       #.....       98%         3    ####...
 Static Discharge         Conj/Air       #.......     98%         3    ####...
 Stone Arrow              Conj/Erth      #.....       98%         3    ####...
 Call Canine Familiar     Summ           #.......     99%         3    ####...
 Gell's Gravitas          Tloc           #.........   99%         3    ####...
 Lesser Beckoning         Tloc           #.........   99%         3    ####...
 Mephitic Cloud           Conj/Pois/Air  #.......     99%         3    ####...
 Portal Projectile        Hex/Tloc       #.....       99%         3    ####...
 Recall                   Summ/Tloc      N/A          99%         3    ####...
 Regeneration             Chrm/Necr      #.........   99%         3    ####...
 Spectral Weapon          Hex/Chrm       #.......     99%         3    ####...
 Spider Form              Tmut/Pois      #.........   99%         3    ####...
 Summon Guardian Golem    Hex/Summ       #.......     99%         3    ####...
 Teleport Other           Tloc           #.......     99%         3    ####...
 Tukima's Dance           Hex            #.......     99%         3    ####...
 Airstrike                Air            #.........   100%        4    #####..
 Animate Dead             Necr           N/A          100%        4    #####..
 Force Lance              Conj/Tloc      #.......     100%        4    #####..
 Fulminant Prism          Conj/Hex       #.........   100%        4    #####..
 Ice Form                 Ice/Tmut       #.......     100%        4    #####..
 Iskenderun's Mystic Bla  Conj           #.......     100%        4    #####..
 Olgreb's Toxic Radiance  Pois           #.......     100%        4    #####..
 Passage of Golubria      Tloc           N/A          100%        4    #####..
 Petrify                  Tmut/Erth      #.......     100%        4    #####..
 Sticky Flame             Conj/Fire      #.......     100%        4    #####..
 Summon Ice Beast         Ice/Summ       #.......     100%        4    #####..
 Summon Lightning Spire   Summ/Air       #.......     100%        4    #####..
 Agony                    Necr           #.......     100%        5    ######.
 Alistair's Intoxication  Tmut/Pois      #.......     100%        5    ######.
 Blade Hands              Tmut           #.........   100%        5    ######.
 Bolt of Draining         Conj/Necr      #.........   100%        5    ######.
 Bolt of Magma            Conj/Fire/Erth #.........   100%        5    ######.
 Borgnjor's Vile Clutch   Necr/Erth      #.........   100%        5    ######.
 Dispel Undead            Necr           #.......     100%        5    ######.
 Excruciating Wounds      Chrm/Necr      #.........   100%        5    ######.
 Fireball                 Conj/Fire      #.........   100%        5    ######.
 Irradiate                Conj/Tmut      #.........   100%        5    ######.
 Iskenderun's Battlesphe  Conj/Chrm      #.......     100%        5    ######.
 Lee's Rapid Deconstruct  Erth           #.........   100%        5    ######.
 Lightning Bolt           Conj/Air       #.........   100%        5    ######.
 Silence                  Hex/Air        #.........   100%        5    ######.
 Summon Mana Viper        Hex/Summ       #.......     100%        5    ######.
 Venom Bolt               Conj/Pois      #.........   100%        5    ######.
 Bolt of Cold             Conj/Ice       #.........   100%        6    #######
 Conjure Ball Lightning   Conj/Air       #.........   100%        6    #######
 Darkness                 Hex            #.........   100%        6    #######
 Death Channel            Necr           #.........   100%        6    #######
 Dispersal                Tloc           #.........   100%        6    #######
 Freezing Cloud           Conj/Ice/Air   #.........   100%        6    #######
 Hydra Form               Tmut           #.........   100%        6    #######
 Invisibility             Hex            #.......     100%        6    #######
 Iron Shot                Conj/Erth      #.........   100%        6    #######
 Shadow Creatures         Summ           N/A          100%        6    #######
 Simulacrum               Ice/Necr       #.........   100%        6    #######
 Statue Form              Tmut/Erth      #........    100%        6    #######
 Dragon Form              Tmut           #.........   100%        7    #######
 Malign Gateway           Summ/Tloc      #.........   100%        7    #######
 Monstrous Menagerie      Summ           #.........   100%        7    #######
 Orb of Destruction       Conj           #.........   100%        7    #######
 Spellforged Servitor     Conj/Summ      #.........   100%        7    #######
 Summon Greater Demon     Summ           #.........   100%        7    #######
 Summon Hydra             Summ           #.........   100%        7    #######
 Controlled Blink         Tloc           N/A          100%        8    #######
 Disjunction              Tloc           #.........   100%        8    #######
 Ignition                 Fire           ##........   100%        8    #######
 Summon Horrible Things   Summ           #.........   100%        8    #######
 Shatter                  Erth           #.........   100%        9    #######
 Tornado                  Air            #.........   100%        9    #######


Dungeon Overview and Level Annotations

Branches:
Dungeon (15/15)            Temple (1/1) D:7            Lair (6/6) D:9
  Swamp (4/4) Lair:4       Spider (4/4) Lair:2        Slime (5/5) Lair:5
    Orc (2/2) D:12            Elf (3/3) Orc:2        Vaults (5/5) D:14
  Crypt (3/3) Vaults:3       Tomb (0/3) Crypt:3      Depths (5/5) D:15
    Zot (0/5) Depths:5      IceCv (visited)         Gauntlet (visited)

Altars:
Ashenzari
Fedhas
Gozag
Kikubaaqudgha
Makhleb
Sif Muna
Vehumet
Wu Jian
Xom
Yredelemnul
The Shining One
Beogh
Jiyva

Shops:
D:6 [   D:7 *   D:12 [(=([   D:13 ?   D:14 =[   D:15 (   Orc:2 (!(}
Elf:1 [*(=[*[   Elf:2 :   Lair:2 [   Vaults:2 }*?!*   Vaults:3 (*
Vaults:4 *%%   Depths:2 *   Depths:4 ?   Depths:5 %

Portals:
Hell: Depths:1 Depths:2 Depths:3 Depths:4 Depths:5
Abyss: Depths:4 Depths:5
Pandemonium: Depths:1 Depths:3

Annotations:
D:3 Grinder
D:9 2 transporters
Lair:5 exclusion: 5 oklob plants
Swamp:3 Mara
Depths:1 exclusion: obsidian statue
Depths:3 exclusion: orange crystal statue


Innate Abilities, Weirdness & Mutations

You are small and have problems with some larger weapons.
You are somewhat resistant to further mutation.
Your muscles are strong. (Str +2)


Message History

The bolt of dispelling energy hits you!
* * * LOW HITPOINT WARNING * * *
A fire dragon comes into view.
The storm dragon breathes lightning at you.
The bolt of lightning misses you. The bolt of lightning hits you!!
* * * LOW HITPOINT WARNING * * *
You block the wyvern's attack.
You hear a roar! x2
Blink to where?
Press: ? - help, Dir - move target cursor You are very lightly contaminated with residual magic.
As you read the scroll of blinking, it crumbles to dust.
A fire dragon comes into view.
A swamp drake comes into view.
The golden dragon breathes cold at you. The bolt of cold hits you! You resist.
* * * LOW HITPOINT WARNING * * *
The acid dragon spits acid at you.
The splash of acid hits you but does no damage.
The acid corrodes you!
You are splashed with acid!
You die...

=D..........D......▓▓
k?.°..kD.........∩.§▓
D..........Dk....Dl▓▓
...............D...▓
..............D....▓
...............D..▓▓
.................▓▓
▓...............▓▓
▓▓▓.........@.▓▓▓
▓▓▓.▓▓▓▓▓▓


You could see 2 golden dragons, a fire dragon, 2 quicksilver dragons, a death
drake, a swamp drake, a wyvern and an acid dragon.

Vanquished Creatures
  the Royal Jelly (Slime:5)
  3 ancient liches
  3 juggernauts
  Bai Suzhen (Spider:3)
  Margery (Depths:3)
  A caustic shrike (shapeshifter) (Depths:4)
  Saint Roka (Crypt:1)
  Frederick (Depths:5)
  Xtahua (Vaults:5)
  3 golden dragons
  A golden dragon (shapeshifter) (Depths:4)
  Arachne (Spider:2)
  8 liches
  Jorgrun (D:12)
  5 tentacled monstrosities
  3 deep elf blademasters
  2 deep elf master archers
  4 titans
  2 quicksilver dragons
  17 acid blobs
  5 shadow dragons
  Donald (Spider:2)
  3 ancient champions (Crypt:2)
  6 sphinxes
  9 tengu reavers
  A storm dragon (shapeshifter) (Depths:4)
  3 thorn hunters
  Kirke (D:15)
  A nagaraja (Zig:6)
  6 storm dragons
  2 revenants
  14 fire giants
  4 azure jellies
  6 ghost moths
  12 frost giants
  An iron dragon (shapeshifter) (Depths:4)
  9 emperor scorpions
  2 iron dragons
  11 vault wardens
  A cacodemon (Spider:4)
  Aizul (Swamp:1)
  2 deep elf sorcerers (Elf:3)
  A balrug (Depths:5)
  2 curse skulls
  2 draconian shifters (Depths:5)
  A ghoul (Crypt:1)
  6 deep elf elementalists (Elf:3)
  20 stone giants
  6 war gargoyles
  2 spriggan defenders (Depths:5)
  13 ironheart preservers
  A caustic shrike skeleton (Crypt:2)
  7 very ugly things
  9 vampire knights
  2 entropy weavers
  10 deep elf annihilators
  A green draconian (Depths:5)
  2 red draconians (Depths:5)
  8 deep elf demonologists
  11 spark wasps
  A white draconian (Depths:5)
  Snorg (Lair:4)
  A crystal guardian (Depths:4)
  18 ettins
  6 eidola
  8 deep elf death magi
  A green death (Depths:1)
  11 death oozes
  13 jiangshi
  Harold (D:8)
  The ghost of coffeespoons the Cleaver, a journeyman MiBe of Trog (Lair:2)
  2 deep elf high priests (Elf:3)
  35 vault guards
  9 fire dragons
  A quicksilver dragon skeleton (Crypt:3)
  6 rakshasas
  12 yaktaur captains
  17 ice dragons
  A great orb of eyes (shapeshifter) (Depths:4)
  15 great orbs of eyes
  A juggernaut simulacrum (Depths:4)
  20 hydras
  3 ghost crabs (Swamp:2)
  2 spriggan air magi (Depths:4)
  A catoblepas (Depths:4)
  16 centaur warriors
  An alligator snapping turtle (shapeshifter) (Depths:4)
  3 anacondas (Zig:6)
  A shambling mangrove (Swamp:3)
  12 alligators
  2 anacondas (shapeshifter)
  14 ogre magi
  35 two-headed ogres
  2 two-headed ogres (shapeshifter)
  10 deep troll shamans
  A satyr (shapeshifter) (Depths:4)
  13 deep troll earth magi
  15 death yaks
  4 tengu warriors
  8 spriggan berserkers
  10 vampire magi
  2 shock serpents
  A naga sharpshooter (Zig:6)
  2 sun demons (Depths:5)
  Sonja (D:13)
  An orc high priest (Elf:3)
  4 soul eaters
  3 spriggans (Depths:5)
  20 deep elf knights
  A storm dragon zombie (Vaults:3)
  2 titan skeletons
  A fire crab (Swamp:4)
  A spatial maelstrom (Zig:9)
  3 shadow wraiths
  18 skeletal warriors
  5 large abominations (Zig:9)
  6 hell knights
  An iron troll (Depths:1)
  2 golden dragon zombies
  2 glowing orange brains (shapeshifter)
  2 storm dragon skeletons
  4 wizards
  23 deep trolls
  5 unseen horrors
  4 glowing orange brains
  7 flayed ghosts (Crypt:3)
  14 swamp dragons
  2 lindwurms
  A spriggan druid (Swamp:4)
  An obsidian statue (Zig:5)
  An anaconda skeleton (Crypt:2)
  12 ironbrand convokers
  10 orc knights
  2 orange crystal statues (Zig:5)
  14 deep elf archers
  6 harpies
  9 necromancers
  56 deep elf magi
  18 phantasmal warriors
  24 ugly things
  19 orb spiders
  A salamander (shapeshifter) (Vaults:4)
  2 orb spiders (shapeshifter)
  A frost giant zombie (Zig:8)
  6 orc sorcerers
  28 wolf spiders
  2 fauns (shapeshifter)
  A human zombie (Vaults:3)
  2 iron dragon skeletons
  2 worldbinders (Zig:9)
  A moth of wrath (Spider:1)
  A cyclops (shapeshifter) (Depths:5)
  7 shining eyes
  12 cyclopes
  An elephant (shapeshifter) (Zig:3)
  2 centaur zombies (D:15)
  2 ice statues
  5 elephants (Lair:2)
  3 eyes of devastation
  11 fire giant skeletons
  2 orange demons (Depths:1)
  14 vault sentinels
  An emperor scorpion zombie (Crypt:3)
  5 torpor snails (Lair:6)
  12 black mambas
  2 guardian serpents
  4 gargoyles (Crypt:3)
  A shock serpent zombie (Crypt:3)
  A black mamba (shapeshifter) (Vaults:1)
  A catoblepas zombie (Crypt:1)
  A smoke demon (Zig:9)
  3 naga magi
  18 spiny frogs
  18 demonic crawlers
  A rime drake (Lair:2)
  2 komodo dragons (shapeshifter)
  A death yak zombie (Crypt:2)
  10 freezing wraiths
  10 komodo dragons
  29 yaktaurs
  2 ancient zymes (Zig:9)
  4 trolls
  A red devil (Depths:1)
  5 tengu conjurers
  A death drake zombie (Crypt:2)
  A hydra zombie (Crypt:1)
  A queen bee (shapeshifter) (Depths:1)
  42 jumping spiders
  12 tyrant leeches
  A wind drake (shapeshifter) (Depths:3)
  22 polar bears
  A tyrant leech (shapeshifter) (Vaults:4)
  31 hornets
  92 slime creatures
  2 trolls (shapeshifter)
  An ettin zombie (Crypt:1)
  21 blink frogs
  A stone giant simulacrum (Crypt:1)
  2 human simulacra
  6 hippogriffs
  A raiju (Gauntlet)
  A spriggan zombie (Zig:8)
  10 bog bodies
  2 ice dragon skeletons
  8 fire dragon skeletons
  A flying skull (Zig:8)
  3 air elementals
  2 ettin skeletons (Crypt:3)
  4 centaur simulacra
  A water elemental (Depths:1)
  12 wyverns
  A black mamba zombie (Crypt:2)
  75 redbacks
  2 tarantellas (shapeshifter) (Vaults:2)
  5 wraiths
  26 tarantellas
  10 shadows
  46 yaks
  6 vampires
  4 basilisks
  A fire elemental (Elf:1)
  6 hogs
  5 steam dragons
  A ynoxinul (Zig:9)
  A hungry ghost (D:15)
  4 fire bats (Swamp:4)
  9 golden eyes
  2 humans
  A chaos spawn (Depths:1)
  A yaktaur simulacrum (Vaults:3)
  2 neqoxecs (Zig:9)
  7 wargs
  A torturous demonspawn zombie (Crypt:1)
  A harpy simulacrum (Gauntlet)
  34 vampire mosquitoes
  5 insubstantial wisps (Swamp:3)
  14 swamp worms
  2 nagas
  2 acid dragons
  A naga (shapeshifter) (Vaults:4)
  23 water moccasins
  12 swamp drakes
  8 porcupines
  38 orc warriors
  5 ice beasts
  A black bear (D:11)
  2 necrophages (Crypt:1)
  An ettin simulacrum (Crypt:1)
  A phantom (D:9)
  4 eyes of draining
  6 sky beasts
  29 ogres
  2 boggarts
  2 snapping turtle skeletons
  A boggart (shapeshifter) (Vaults:5)
  An elephant skeleton (Crypt:2)
  22 centaurs
  32 wolves
  18 crocodiles
  3 big kobolds
  An octopode zombie (Crypt:1)
  18 bullfrogs
  4 earth elementals (Elf:1)
  A draconian skeleton (Crypt:1)
  5 scorpions
  A queen bee zombie (Crypt:1)
  11 killer bees
  5 wights
  7 howler monkeys
  6 electric eels
  6 crimson imps
  A lava snake (Swamp:4)
  2 bullfrog zombies
  A quasit (D:13)
  4 bullfrog skeletons
  A demonspawn zombie (Crypt:2)
  8 centaur skeletons
  33 orc wizards
  12 orc priests
  5 hounds
  3 jellies
  2 iron imps (Depths:1)
  A small abomination (Zig:9)
  A basilisk skeleton (Crypt:1)
  Ijyb (D:5)
  A black bear skeleton (Crypt:1)
  Natasha (twice) (D:3)
  6 iguanas
  6 worker ants
  A killer bee zombie (Crypt:1)
  A naga zombie (Crypt:1)
  A tengu skeleton (Crypt:2)
  A hound zombie (D:6)
  A hound skeleton (D:5)
  7 mummies (Zig:8)
  A howler monkey skeleton (D:2)
  12 adders
  2 shadow imps
  A white imp (Depths:1)
  An ufetubus (Depths:1)
  2 oozes
  6 worms
  A dart slug (D:1)
  10 leopard geckos
  109 orcs
  5 giant cockroaches
  7 goblins
  5 hobgoblins
  19 jackals
  22 kobolds
  8 quokkas
  2 ball pythons
  10 bats
  4 frilled lizards
  A jackal zombie (D:6)
  A leopard gecko skeleton (D:4)
  7 rats
  A river rat skeleton (Crypt:1)
  A briar patch (Swamp:4)
  2 plants (Lair:6)
2322 creatures vanquished.

Vanquished Creatures (collateral kills)
  Asterion (Elf:1)
  A mummy priest (Zig:8)
  An anaconda (Lair:6)
  Nergalle (Orc:2)
  A golden dragon skeleton (Zig:8)
  An orb spider (Spider:2)
  A wolf spider (Spider:2)
  A guardian mummy (Zig:8)
  A jumping spider (Spider:2)
  A flying skull (Zig:8)
  A tarantella (Spider:2)
  A redback (Spider:2)
  A water elemental (Elf:1)
  2 hogs (D:15)
  2 orc wizards (Orc:2)
  2 mummies (Zig:8)
19 creatures vanquished.

Vanquished Creatures (others)
  A deep elf master archer (Elf:3)
  A fire giant (Depths:4)
  26 dancing weapons
  2 deep elf archers
  A lindwurm (Swamp:4)
  A wolf spider (Spider:4)
  2 deep elf magi
  4 yaktaurs
  A tyrant leech (Swamp:4)
  A wyvern (Zig:10)
  A tarantella (Spider:4)
  An orc warrior (Vaults:5)
  4 swamp drakes (Swamp:4)
  A centaur (D:14)
  An orc wizard (Orc:2)
  17 fungi
  25 plants
  9 withered plants
99 creatures vanquished.

Grand Total: 2440 creatures vanquished

Notes
Turn   | Place    | Note
-------+----------+-------------------------------------------
     0 | D:1      | zkyp the Halfling Fire Elementalist began the quest for the
                  | Orb.
     0 | D:1      | Reached XP level 1. HP: 11/11 MP: 3/3
   198 | D:1      | Reached skill level 1 in Fighting
   233 | D:1      | Reached XP level 2. HP: 16/18 MP: 1/4
   982 | D:2      | Reached XP level 3. HP: 21/24 MP: 1/5
   983 | D:2      | Reached skill level 2 in Fighting
   983 | D:2      | Reached skill level 1 in Short Blades
  1394 | D:2      | Reached XP level 4. HP: 23/29 MP: 6/6
  2521 | D:3      | Reached XP level 5. HP: 31/34 MP: 7/7
  2522 | D:3      | Noticed Grinder
  2853 | D:3      | Noticed Natasha
  2866 | D:3      | Killed Natasha
  3074 | D:3      | Noticed Natasha
  3189 | D:3      | Killed Natasha
  3189 | D:3      | Reached skill level 5 in Short Blades
  3412 | D:3      | Reached XP level 6. HP: 39/39 MP: 6/8
  3838 | D:4      | Found a burning altar of Makhleb.
  4190 | D:5      | Entered Level 5 of the Dungeon
  4259 | D:5      | Reached XP level 7. HP: 45/45 MP: 9/9
  4386 | D:5      | Reached skill level 5 in Dodging
  4561 | D:5      | HP: 2/45 [orc wizard/+1 dagger of electrocution (11)]
  4952 | D:5      | Found a glowing golden altar of the Shining One.
  5502 | D:5      | Noticed Ijyb
  5508 | D:5      | Killed Ijyb
  5807 | D:6      | Reached XP level 8. HP: 50/50 MP: 10/10
  6117 | D:6      | Found Bitic's Antique Armour Boutique.
  6441 | D:7      | Reached XP level 9. HP: 53/54 MP: 11/11
  6483 | D:7      | Found a staircase to the Ecumenical Temple.
  6494 | Temple   | Entered the Ecumenical Temple
  6511 | Temple   | Became a worshipper of Gozag Ym Sagoz the Greedy
  6549 | D:7      | Found Quduoz's Assorted Antiques.
  6557 | D:7      | Bought a blue potion for 22 gold pieces
  6794 | D:6      | Bought a runed cloak for 247 gold pieces
  6822 | D:8      | Noticed Harold
  6850 | D:8      | Killed Harold
  7209 | D:8      | Reached skill level 3 in Fighting
  7349 | D:8      | Reached skill level 4 in Fighting
  7443 | D:8      | Reached XP level 10. HP: 65/65 MP: 12/12
  7717 | D:9      | Reached skill level 5 in Fighting
  7800 | D:9      | Found a transporter.
  7800 | D:9      | Found a transporter.
  7800 | D:9      | Noticed a cyclops
  7817 | D:9      | Found a roughly hewn altar of Beogh.
  7891 | D:9      | Reached skill level 6 in Fighting
  8069 | D:6      | Bought an ichor-stained scale mail for 297 gold pieces
  8079 | D:6      | Identified the +6 scale mail of Light {*Contam rF- rN+
                  | MR+++} (You bought it in a shop on level 6 of the Dungeon)
  8150 | D:9      | Reached skill level 1 in Armour
  8480 | D:9      | Reached skill level 5 in Armour
  8674 | D:9      | Found a staircase to the Lair.
  8845 | D:9      | Reached XP level 11. HP: 51/74 MP: 13/13
  9277 | D:10     | Entered Level 10 of the Dungeon
 10053 | Lair:1   | Entered Level 1 of the Lair of Beasts
 10079 | Lair:1   | Reached skill level 10 in Armour
 10984 | Lair:1   | Noticed an eight-headed hydra
 11045 | Lair:1   | Killed an eight-headed hydra
 11045 | Lair:1   | Reached skill level 10 in Short Blades
 11045 | Lair:1   | Reached XP level 12. HP: 42/80 MP: 14/14
 11834 | Lair:2   | Found a runed translucent door.
 11849 | Lair:2   | Noticed coffeespoons's ghost (journeyman MiBe)
 12393 | Lair:2   | Found a hole to the Spider Nest.
 12606 | Lair:2   | Killed coffeespoons's ghost
 12606 | Lair:2   | Reached skill level 7 in Fighting
 13038 | Lair:3   | Noticed a five-headed hydra
 13077 | Lair:3   | Got a shimmering plate armour
 13102 | Lair:3   | Killed a five-headed hydra
 13141 | Lair:3   | Reached XP level 13. HP: 88/88 MP: 15/15
 13455 | Lair:3   | Reached skill level 8 in Fighting
 14142 | Lair:4   | Reached skill level 9 in Fighting
 14373 | Lair:4   | Identified the +9 plate armour of the Fifty Suns {*Slow rN+
                  | Str+3 Slay+3} (You found it on level 3 of the Lair of
                  | Beasts)
 14427 | Lair:4   | Noticed Snorg
 14451 | Lair:4   | Killed Snorg
 14451 | Lair:4   | Reached skill level 10 in Fighting
 14576 | Lair:4   | Noticed a fire dragon
 14593 | Lair:4   | Killed a fire dragon
 14899 | Lair:4   | Found a staircase to the Swamp.
 15052 | Lair:4   | Reached XP level 14. HP: 99/99 MP: 15/19
 15167 | Lair:5   | Reached skill level 11 in Fighting
 15438 | Lair:5   | Reached skill level 12 in Fighting
 15655 | Lair:5   | Found a viscous altar of Jiyva.
 15656 | Lair:5   | Found a staircase to the Slime Pits.
 15866 | Lair:5   | Reached XP level 15. HP: 109/109 MP: 20/20
 16552 | Lair:6   | Entered Level 6 of the Lair of Beasts
 16748 | Lair:6   | Paralysed by a hornet for 2 turns
 16832 | Lair:6   | Found a runed translucent door.
 16913 | Lair:6   | Reached skill level 13 in Fighting
 17077 | Lair:6   | Paralysed by a hornet for 3 turns
 18396 | Lair:6   | Reached skill level 14 in Fighting
 19526 | Lair:6   | Reached skill level 15 in Fighting
 20965 | D:12     | Found a staircase to the Orcish Mines.
 21224 | D:12     | You fall into a shaft and drop 1 floor!
 21243 | D:13     | Found a gate leading to a gauntlet.
 21248 | Gauntlet | Entered a Gauntlet
 21248 | Gauntlet | Found a transporter.
 21248 | Gauntlet | Found a transporter.
 21253 | Gauntlet | Found a transporter.
 21268 | Gauntlet | Found a transporter.
 21289 | Gauntlet | Found a transporter.
 21298 | Gauntlet | Found a transporter.
 21315 | Gauntlet | Found a transporter.
 21385 | Gauntlet | Found a transporter.
 21396 | Gauntlet | Found a transporter.
 21410 | Gauntlet | Found a transporter.
 21424 | Gauntlet | Found a transporter.
 21443 | Gauntlet | Found a transporter.
 21512 | Gauntlet | Found a transporter.
 21528 | Gauntlet | Found a transporter.
 21556 | Gauntlet | Found a transporter.
 21566 | Gauntlet | Found a transporter.
 21938 | Gauntlet | Identified the Papyrus of Mutagenic Lightness
 22187 | D:12     | Reached skill level 1 in Shields
 22300 | D:12     | Reached XP level 16. HP: 79/122 MP: 21/21
 22662 | Orc:1    | Entered Level 1 of the Orcish Mines
 23019 | Orc:1    | Noticed Jorgrun
 23279 | D:12     | Reached skill level 5 in Shields
 23536 | D:12     | Killed Jorgrun
 24120 | Orc:2    | Entered Level 2 of the Orcish Mines
 24349 | Orc:2    | Found a staircase to the Elven Halls.
 24849 | Orc:2    | Found Kitad's Distillery.
 24884 | Orc:2    | Found an ancient bone altar of Kikubaaqudgha.
 24884 | Orc:2    | Noticed Nergalle
 24899 | Orc:2    | Killed Nergalle
 24941 | Orc:2    | Bought a potion of might for 60 gold pieces
 24941 | Orc:2    | Bought a potion of curing for 45 gold pieces
 24941 | Orc:2    | Bought a potion of heal wounds for 75 gold pieces
 24941 | Orc:2    | Bought a potion of curing for 45 gold pieces
 24941 | Orc:2    | Bought a potion of haste for 150 gold pieces
 25043 | Orc:2    | Found a radiant altar of Vehumet.
 25080 | Orc:2    | Found Bigobb's Gadget Emporium.
 25093 | Orc:2    | Bought a box of beasts for 220 gold pieces
 25105 | Orc:2    | Found a roughly hewn altar of Beogh.
 25106 | Orc:2    | Found Jiyzxoudee's Antique Weapon Shoppe.
 25373 | Orc:2    | Found Suenud's Antique Weapon Shoppe.
 25761 | D:12     | Bought the +2 helmet "Opsus" {rElec Str+4 Dex-4} for 513
                  | gold pieces
 25780 | D:12     | Bought the ring of Ihig Riwk {Str+7 Int-2 Stlth+} for 490
                  | gold pieces
 26442 | D:13     | Found Tarissab's Magic Scroll Emporium.
 26449 | D:13     | Bought a scroll of blinking for 112 gold pieces
 26699 | D:13     | Noticed Sonja
 26708 | D:13     | Killed Sonja
 26803 | D:14     | Paralysed by a hornet for 1 turns
 26988 | D:14     | Paralysed by a hornet for 1 turns
 27438 | D:14     | Reached skill level 1 in Evocations
 27601 | D:14     | Found a gate to the Vaults.
 27984 | D:15     | Entered Level 15 of the Dungeon
 28046 | D:15     | Reached XP level 17. HP: 124/127 MP: 22/22
 28133 | D:15     | Found a frozen archway.
 28205 | IceCv    | Entered an ice cave
 28473 | IceCv    | Reached skill level 5 in Evocations
 28855 | IceCv    | Reached skill level 15 in Armour
 29100 | IceCv    | Got a slimy scale mail
 29211 | D:15     | Noticed Kirke
 29426 | D:15     | Killed Kirke
 29556 | D:15     | Found a staircase to the Depths.
 29826 | D:15     | Bought a glowing rapier for 273 gold pieces
 29885 | D:12     | Bought the amulet "Emuva" {Faith rPois} for 716 gold pieces
 30057 | Swamp:1  | Entered Level 1 of the Swamp
 30589 | Swamp:1  | Noticed Aizul
 30627 | Swamp:1  | Killed Aizul
 30627 | Swamp:1  | Reached skill level 10 in Evocations
 32394 | Swamp:2  | Reached XP level 18. HP: 126/134 MP: 25/25
 33430 | Swamp:2  | Reached skill level 10 in Shields
 34058 | Swamp:3  | Identified the +2 scale mail of the Princess {rPois Int+6}
                  | (You found it in an ice cave)
 34254 | Swamp:3  | Noticed Mara
 34268 | Swamp:3  | Noticed zkyp's illusion
 34858 | Swamp:4  | Entered Level 4 of the Swamp
 36709 | Swamp:4  | Got a decaying rune of Zot
 38262 | Spider:1 | Entered Level 1 of the Spider Nest
 39305 | Spider:1 | You fall into a shaft and drop 1 floor!
 39348 | Spider:2 | Noticed Donald
 39366 | Spider:2 | Found a transporter.
 39376 | Spider:2 | Reached XP level 19. HP: 39/139 MP: 26/26
 39684 | Spider:2 | Found a transporter.
 39776 | Spider:2 | Reached skill level 15 in Shields
 40286 | Spider:2 | Reached skill level 1 in Long Blades
 40415 | Spider:2 | Killed Donald
 40782 | Spider:2 | Noticed Arachne
 40818 | Spider:2 | Killed Arachne
 41729 | Spider:3 | Reached skill level 5 in Long Blades
 43032 | Spider:4 | Entered Level 4 of the Spider Nest
 43507 | Spider:4 | Noticed Bai Suzhen
 43564 | Spider:3 | Killed Bai Suzhen
 43804 | Spider:4 | Reached skill level 10 in Long Blades
 44101 | Spider:4 | Reached XP level 20. HP: 124/145 MP: 0/27
 44137 | Spider:4 | Paralysed by a hornet for 2 turns
 44854 | Spider:4 | Cast into level 4 of the Abyss (the power of Zot)
 44864 | Spider:4 | Escaped the Abyss
 45371 | Spider:4 | Got a gossamer rune of Zot
 46017 | D:14     | Bought a pair of ichor-stained gloves for 275 gold pieces
 46027 | D:14     | Identified the +1 pair of gloves of Narcissism {MR+} (You
                  | bought it in a shop on level 14 of the Dungeon)
 46038 | Vaults:1 | Entered Level 1 of the Vaults
 47422 | Vaults:2 | Reached XP level 21. HP: 140/153 MP: 28/28
 47503 | Vaults:2 | Found Pego's Assorted Antiques.
 47508 | Vaults:2 | Found Sukh's Gadget Emporium.
 47511 | Vaults:2 | Bought 2 potions of curing for 216 gold pieces
 47511 | Vaults:2 | Bought a jewelled iron wand for 144 gold pieces
 47517 | Vaults:2 | Bought a box of beasts for 220 gold pieces
 47702 | Vaults:2 | Found Anuasull's General Store.
 47713 | Vaults:2 | Bought a potion of heal wounds for 100 gold pieces
 47848 | Vaults:2 | Found Hum Dosh's Distillery.
 47861 | Vaults:2 | Reached skill level 16 in Fighting
 47878 | Vaults:2 | Found Plog's Magic Scroll Boutique.
 47881 | Vaults:2 | Bought 2 potions of heal wounds for 170 gold pieces
 47887 | Vaults:2 | Bought a scroll of teleportation for 45 gold pieces
 48805 | Vaults:3 | Found a staircase to the Crypt.
 48805 | Vaults:3 | Found a basalt altar of Yredelemnul.
 48805 | Vaults:3 | Found an ancient bone altar of Kikubaaqudgha.
 48929 | Vaults:3 | Found a shimmering blue altar of Sif Muna.
 49451 | Vaults:3 | Found Waqoum's Assorted Antiques.
 49462 | Vaults:3 | Bought a potion of heal wounds for 175 gold pieces
 49462 | Vaults:3 | Bought a scroll of blinking for 262 gold pieces
 49462 | Vaults:3 | Bought a potion of curing for 105 gold pieces
 49462 | Vaults:3 | Bought a scroll of teleportation for 105 gold pieces
 49756 | Vaults:3 | Found Mofis's Weapon Shoppe.
 50127 | Vaults:4 | Found Kiet's Assorted Antiques.
 50154 | Vaults:4 | Bought a scroll labeled YDAAQA UFUOCHE for 38 gold pieces
 50158 | Vaults:4 | Identified the +0 helmet of the Other Side {+Fly rC- Slay+4
                  | SInv} (You acquired it on level 4 of the Vaults)
 50229 | Vaults:4 | Reached XP level 22. HP: 139/162 MP: 29/29
 50749 | Vaults:4 | Reached skill level 17 in Fighting
 50788 | Vaults:4 | Found Neonur's Food Shoppe.
 51217 | Vaults:4 | Found Kisish's Food Shoppe.
 51775 | Elf:1    | Entered Level 1 of the Elven Halls
 51858 | Elf:1    | Identified Xoux's Papyrus of Battle Magic
 51908 | Elf:1    | Found Xoexosk's Armour Shop.
 51909 | Elf:1    | Noticed Asterion
 51922 | Elf:1    | Killed Asterion
 52154 | Elf:1    | Found Hableugh's General Store.
 52155 | Elf:1    | Found Sofoguq's Armour Shop.
 52155 | Elf:1    | Found Siedwostrist's Jewellery Boutique.
 52160 | Elf:1    | Found Ryul's Weapon Boutique.
 52175 | Elf:1    | Bought a scroll of silence for 120 gold pieces
 52175 | Elf:1    | Bought a potion of agility for 64 gold pieces
 52203 | Elf:1    | Found Takimp's Assorted Antiques.
 52207 | Elf:1    | Bought a potion of heal wounds for 130 gold pieces
 52207 | Elf:1    | Bought a large onyx ring for 130 gold pieces
 52207 | Elf:1    | Bought a dark potion for 23 gold pieces
 52256 | Elf:1    | Found Syehekoi's Armour Emporium.
 53205 | Elf:2    | Found Rireg's Book Emporium.
 53545 | Elf:2    | Found a runed translucent gate.
 53545 | Elf:2    | Found a runed translucent gate.
 53545 | Elf:2    | Found a runed translucent gate.
 54245 | Elf:3    | Entered Level 3 of the Elven Halls
 54371 | Elf:3    | Reached XP level 23. HP: 163/169 MP: 30/30
 55082 | Elf:3    | Reached skill level 15 in Dodging
 55370 | Elf:3    | Found the +7 captain's cutlass {speed, disarm}
 55388 | Elf:3    | Identified the +9 war axe of Harmony {chop, rN+}
 55417 | Elf:3    | Got a slimy robe
 55439 | Elf:3    | Got a dazzling eveningstar
 55442 | Elf:3    | Got a polished trident
 55468 | Elf:3    | Identified the Tome of Burning Dark Rituals
 55801 | Vaults:2 | Bought a scroll of brand weapon for 400 gold pieces
 55879 | Vaults:5 | Entered Level 5 of the Vaults
 56779 | Vaults:5 | Identified the +4 quarterstaff "Hydrabane" {speed, Str+4
                  | Stlth+}
 56803 | Vaults:4 | Reached XP level 24. HP: 157/177 MP: 30/30
 57176 | Vaults:4 | Reached skill level 18 in Fighting
 57358 | Vaults:5 | Noticed an ancient lich
 57385 | Vaults:5 | Killed an ancient lich
 57445 | Vaults:5 | Noticed a golden dragon
 57445 | Vaults:5 | Noticed Xtahua
 57460 | Vaults:5 | Killed Xtahua
 57469 | Vaults:5 | Killed a golden dragon
 57479 | Vaults:5 | HP: 7/179 [deep elf annihilator/poison arrow (51)]
 57726 | Vaults:5 | Identified the ring of Dasuser {rF+ rCorr Str+2}
 57778 | Vaults:5 | Noticed an ancient lich
 57802 | Vaults:5 | Killed an ancient lich
 57826 | Vaults:5 | Noticed a golden dragon
 58034 | Vaults:5 | Killed a golden dragon
 58168 | Vaults:5 | Identified the Compendium of the Wheelwright
 58231 | Vaults:5 | Identified the ring of Adgheo {Wiz Stlth+} (You found it on
                  | level 5 of the Vaults)
 58267 | Vaults:5 | Got a silver rune of Zot
 58373 | Vaults:5 | Identified the ring "Ytabloni" {+Blink rF+ Int+3 Slay+6}
                  | (You found it on level 5 of the Vaults)
 58574 | Vaults:5 | Reached skill level 19 in Fighting
 58737 | Vaults:5 | Reached XP level 25. HP: 181/186 MP: 30/30
 58791 | Vaults:5 | Identified the ring of the Final Chapter {Fire Int+10}
 59251 | D:14     | Bought crude gold dragon scales for 2465 gold pieces
 59251 | D:14     | Identified the +1 gold dragon scales of Ymizefrae {rPois
                  | rF+ rC+ Dex+4 Stlth+} (You bought it in a shop on level 14
                  | of the Dungeon)
 59333 | Depths:1 | Entered Level 1 of the Depths
 59507 | Depths:1 | Identified the amulet "Fuicrog" {Acrobat MR+}
 60064 | Depths:1 | Found a one-way gate leading to the halls of Pandemonium.
 60111 | Depths:1 | Found a gateway to Hell.
 60512 | D:14     | Bought the ring of Tender Moments {rC+ Slay+2} for 969 gold
                  | pieces
 60813 | Depths:2 | Found Roeta's Changing Room.
 60814 | Depths:2 | Got a crude mace
 61149 | Depths:2 | Noticed a juggernaut
 61182 | Depths:2 | Killed a juggernaut
 61190 | Depths:2 | Got an ichor-stained dagger
 61684 | Depths:2 | Identified the +2 hat of Lugonu's Outrage {rPois rF+ Dex-4
                  | Slay+6 SInv} (You acquired it on level 2 of the Depths)
 62025 | Depths:2 | Reached skill level 20 in Fighting
 62060 | Depths:2 | Reached XP level 26. HP: 196/196 MP: 30/30
 62080 | Depths:2 | Noticed a juggernaut
 62105 | Depths:2 | Killed a juggernaut
 62454 | D:14     | Bought the amulet "Xiytek" {Gourm Int+3 Slay+2 SInv Stlth+}
                  | for 1408 gold pieces
 62909 | Depths:3 | Noticed Margery
 62920 | Depths:3 | Killed Margery
 64790 | Depths:4 | Identified the Collected Works on Attacks
 65357 | Depths:4 | Found a one-way gate to the infinite horrors of the Abyss.
 65484 | Depths:4 | Reached XP level 27. HP: 192/203 MP: 30/30
 65830 | Depths:4 | Bought a scroll of blinking for 120 gold pieces
 65852 | Depths:5 | Entered Level 5 of the Depths
 66080 | Depths:5 | Noticed Frederick
 66092 | Depths:5 | Killed Frederick
 66134 | Depths:5 | Identified the +1 helmet of Responsibility {MR+} (You
                  | acquired it on level 5 of the Depths)
 66153 | Depths:5 | Found Ilarat's Food Shop.
 66230 | Depths:5 | Found a gateway to a ziggurat.
 66280 | Depths:5 | Found a gate to the Realm of Zot.
 66345 | Depths:5 | Reached skill level 21 in Fighting
 66590 | Depths:5 | Found a shattered altar of Ashenzari.
 67056 | D:13     | Bought a scroll of enchant armour for 112 gold pieces
 67215 | D:5      | Fell from the grace of Gozag
 67215 | D:5      | Became a worshipper of the Shining One
 67476 | Crypt:1  | Entered Level 1 of the Crypt
 67589 | Crypt:1  | Reached * piety under the Shining One
 67735 | Crypt:1  | Reached ** piety under the Shining One
 67861 | Crypt:1  | Reached *** piety under the Shining One
 67944 | Crypt:1  | Noticed Saint Roka
 67977 | Crypt:1  | Killed Saint Roka
 68007 | Crypt:1  | Reached **** piety under the Shining One
 68544 | Crypt:2  | Reached ***** piety under the Shining One
 68960 | Crypt:2  | Reached ****** piety under the Shining One
 69058 | Crypt:2  | Identified a +9 eudemon blade of holy wrath (a +9 demon
                  | blade of electrocution blessed by the Shining One)
 69058 | Crypt:2  | Received a gift from the Shining One
 69399 | Crypt:3  | Entered Level 3 of the Crypt
 70040 | Crypt:3  | Found a staircase to the Tomb.
 70068 | Crypt:3  | Identified the cursed +0 plate armour "Kudwym" {*Contam rF-
                  | Int+8 Stlth+} (You found it on level 3 of the Crypt)
 70164 | Crypt:3  | Got a twisted helmet
 70165 | Crypt:3  | Identified the +2 helmet "Zeephuth" {rPois rF+ Str-2} (You
                  | acquired it on level 3 of the Crypt)
 70365 | Crypt:3  | Reached skill level 10 in Invocations
 70504 | Crypt:3  | Found an ancient bone altar of Kikubaaqudgha.
 70537 | Crypt:3  | Got a bloodstained spear
 70538 | Crypt:3  | Identified Wihaonueng's Incunabulum of Feathers and
                  | Talismans
 70549 | Crypt:3  | Noticed an ancient lich
 70555 | Crypt:3  | Killed an ancient lich
 71103 | Slime:1  | Entered Level 1 of the Pits of Slime
 71115 | Slime:1  | Gained mutation: Your body sometimes deteriorates upon
                  | taking damage. [a shining eye]
 71969 | Slime:5  | Entered Level 5 of the Pits of Slime
 71982 | Slime:5  | Gained mutation: You are frail. (-10% HP) [a shining eye]
 72416 | Slime:5  | Gained mutation: Armour fits poorly on your strangely
                  | shaped body. [a shining eye]
 73268 | Slime:5  | Noticed the Royal Jelly
 73270 | Slime:5  | Found a viscous altar of Jiyva.
 73289 | Slime:5  | Killed the Royal Jelly
 73289 | Slime:5  | Reached skill level 15 in Invocations
 73403 | Slime:5  | Found the +8 glaive of the Guard {elec, +Rage AC+5 SInv}
 73403 | Slime:5  | Found the +7 pair of quick blades "Gyre" and "Gimble"
                  | {protect}
 73403 | Slime:5  | Found the +5 robe of Night {Dark MR+ SInv}
 73456 | Slime:5  | Got a slimy rune of Zot
 73566 | Slime:5  | Identified the +0 pair of gloves "Zofeuss" {Dex+4} (You
                  | found it on level 5 of the Pits of Slime)
 73603 | Slime:5  | Identified the cursed +0 cloak of Exiofrun {rElec rF+ Dex+4
                  | Slay-5} (You found it on level 5 of the Pits of Slime)
 73843 | D:7      | Bought a potion of mutation for 200 gold pieces
 73845 | D:7      | Lost mutation: Armour fits poorly on your strangely shaped
                  | body. [potion of mutation]
 73845 | D:7      | Lost mutation: You are frail. (-10% HP) [potion of
                  | mutation]
 73845 | D:7      | Lost mutation: Your body sometimes deteriorates upon taking
                  | damage. [potion of mutation]
 73845 | D:7      | Gained mutation: Your muscles are strong. (Str +2) [potion
                  | of mutation]
 74009 | D:13     | Bought a scroll of holy word for 112 gold pieces
 74173 | Zig:1    | Entered Level 1 of a ziggurat
 74193 | Zig:2    | Entered Level 2 of a ziggurat
 74207 | Zig:2    | Got a smoking trident
 74209 | Zig:2    | Got a translucent leather armour
 74232 | Zig:3    | Entered Level 3 of a ziggurat
 74267 | Zig:4    | Entered Level 4 of a ziggurat
 74270 | Zig:4    | Noticed a juggernaut
 74292 | Zig:4    | Killed a juggernaut
 74312 | Zig:4    | Identified the Papyrus of Flight
 74442 | Zig:5    | Entered Level 5 of a ziggurat
 74536 | Zig:5    | Identified the Disquisition on Dusty Displacement
 74565 | Zig:6    | Entered Level 6 of a ziggurat
 74570 | Zig:6    | Found the +5 robe of Misfortune {*Contam Harm *Corrode
                  | *Drain *Slow EV+5}
 74626 | Zig:6    | Got a jewelled falchion
 74701 | Zig:7    | Entered Level 7 of a ziggurat
 74760 | Zig:7    | Reached skill level 22 in Fighting
 74842 | Zig:7    | Got a shimmering dagger
 74845 | Zig:8    | Entered Level 8 of a ziggurat
 74896 | Zig:8    | Was forgiven by Gozag
 74925 | Zig:8    | Got a pitted iron amulet
 74926 | Zig:8    | Identified the amulet of Kibergh {+Rage rElec MR+} (You
                  | found it on level 8 of a ziggurat)
 74938 | Zig:9    | Entered Level 9 of a ziggurat
 75042 | Zig:9    | Got a heavy robe
 75249 | Zig:10   | Entered Level 10 of a ziggurat
 75283 | Zig:10   | HP: 5/209 [golden dragon/bolt of cold (11)]
 75283 | Zig:10   | Splashed by an acid dragon's acid

Levels and vault maps discovered:
D:1:      lemuel_arrival_funnel, layout_basic
D:2:      layout_basic, first_ration
D:3:      layout_basic, gup_sewer_entry_bubbles, uniq_grinder, uniq_natasha
D:4:      layout_basic, makhleb_blood_cavern_becter
D:5:      layout_layer_cave, tso_altar, uniq_ijyb
D:6:      layout_rooms, serial_shops, shop
D:7:      layout_rooms, temple_fountains, serial_shops, shop_statue
D:8:      layout_loops_cross, uniq_harold
D:9:      gammafunk_beogh_shrine, layout_basic, lair_entry_dummy,
          grunt_livestock, grunt_ministairs_10, hive_lemuel
D:10:     layout_basic
D:11:     layout_loops_corners
D:12:     layout_basic, hiddenorc2_lemuel, drop_trap
D:13:     layout_roguey, serial_shops, nicolae_shop_window_shopping,
          gauntlet_entry_generic, uniq_sonja
D:14:     layout_basic, grunt_vaults_entry_fortified
D:15:     grunt_enter_depths_giant_problem, layout_rooms,
          portal_ice_cave_entry_animals_and_master, uniq_kirke
Temple:   compressed_dpeg_circular_temple
Lair:1:   layout_gridlike
Lair:2:   layout_chaotic_city, nicolae_spider_entry_non_spiders,
          hellmonk_ghost_happy_afterlife
Lair:3:   layout_regular_city, serial_bayou, serial_bayou_pond_d,
          serial_bayou_ford_a, serial_bayou_pond_e, serial_bayou_pond_b,
          serial_bayou_shore_b, lemuel_fruit_fields
Lair:4:   dragon1_lemuel, layout_cave_shapes,
          nicolae_swamp_entry_splash_gauntlet, grunt_megastairs_2, uniq_snorg
Lair:5:   dpeg_oklob_gauntlet, layout_regular_city,
          dpeg_slime_entry_enclosed_altar, lemuel_fruit_tree,
          grunt_megastairs_3, serial_bayou_shore_a
Lair:6:   wormcave, layout_long_grid, hangedman_lair_tendril_chambers,
          hangedman_lair_generics_rect
Swamp:1:  layout_basic_swamp, evilmike_swamp_ruin_house_1,
          infiniplex_staircase_pool, uniq_aizul
Swamp:2:  cheibrodos_swamp_heart_of_darkness, layout_falls_marsh,
          evilmike_swamp_ruin_rubble_2, nicolae_swamp_triple_paths, swamp_pool4
Swamp:3:  layout_basic_swamp, nicolae_swamp_trees_clearing, uniq_mara
Swamp:4:  swamp_fiery, layout_basic_swamp, swamp_pool1
Spider:1: layout_spider_delve
Spider:2: gammafunk_the_bubble [the_bubble_gammafunk_crates], uniq_donald,
          uniq_arachne
Spider:3: layout_spider_delve
Spider:4: guppyfry_spider_rune, uniq_bai_suzhen
Slime:1:  layout_caves
Slime:2:  layout_caves
Slime:3:  layout_caves
Slime:4:  layout_caves, basic_altar, cheibrodos_slime_lost_civilization_4
Slime:5
Orc:1:    layout_caves, special_room [special_room_orc], uniq_jorgrun
Orc:2:    kennysheep_orc_mage_school, layout_caves
Elf:1:    layout_gridlike, serial_shops, shop_coins, shop_coins, shop_fountains,
          minmay_elf_annihilation, minmay_shoptagon, uniq_asterion
Elf:2:    layout_gridlike, serial_shops, shop, serial_co_window_serial,
          co_window_cross_1, co_window_of_opportunity_a,
          co_window_of_opportunity_a, co_window_of_opportunity_a,
          co_window_corner_a, co_window_2corner, co_window_corner_ca,
          co_window_corner_b, co_window_corner_cb, co_window_corner_cb,
          co_window_paths_e, glass_columns_b, glass_columns_a, glass_columns_a
Elf:3:    minmay_elf_hall_curves, layout_loops_cross
Vaults:1: vaults_dpeg_doors, ontoclasm_vaults_gateway,
          ontoclasm_vaults_decontamination, v_misc_12, vaults_room_fancy_cross,
          vaults_room_grunt_arrival_checkpoint, v_misc_2,
          hangedman_vaults_corner, nicolae_vaults_little_squares_2,
          layout_vaults_omnibox
Vaults:2: nicolae_vaults_ring_of_whatevers, vaults_mumra_minichess,
          nicolae_vaults_network_square, hangedman_vaults_nails,
          ontoclasm_vaults_eye, v_alt_pattern_2, nicolae_vaults_three_branches,
          nicolae_vaults_ring_of_whatevers, nicolae_vaults_circle_grid_a,
          v_misc_16, v_misc_15, vaults_mumra_chevron, v_misc_13,
          nicolae_vaults_specimen_jars, layout_vaults_maze_bifur, serial_shops,
          nicolae_shop_stone, nicolae_shop_competitors_out_of_business,
          nicolae_shop_trees, shop, shop
Vaults:3: ontoclasm_vaults_ligature, vaults_dpeg_diagonal,
          vaults_room_door_ring, hangedman_vaults_trim, ontoclasm_vaults_fault,
          nicolae_vaults_sealed_display, nicolae_vaults_big_ls,
          nicolae_vaults_theta, minmay_crypt_entry_necro_gods,
          vaults_room_mumra_shop_pool, hangedman_vaults_nails,
          ontoclasm_vaults_loading_screen, nicolae_vaults_little_squares_1,
          layout_vaults_omnicross, basic_altar, serial_shops,
          nicolae_shop_waterfront
Vaults:4: nicolae_vaults_diagonal_hallway_8, vaults_room_semicircle,
          hangedman_vaults_maws, nicolae_vaults_alarming,
          ontoclasm_vaults_claustrophobia, dpeg_vaults_monster_box,
          layout_vaults_omnigrid, serial_shops, shop, shop,
          nicolae_shop_waterfront
Vaults:5: uniq_xtahua
Crypt:1:  layout_regular_city, lemuel_freeze_loot_1, uniq_saint_roka
Crypt:2:  layout_regular_city, minigarden_bobbens
Crypt:3:  quadcrypt_mu
Depths:1: minmay_mutant_horseshoe, layout_basic, grunt_pan_entry_zigzag,
          pf_vacation_house_of_asmodeus, kennysheep_path_1, drop_trap,
          glass_columns_a, hangedman_devilish_allure
Depths:2: minmay_spiral_squares, layout_gridlike, kennysheep_decorative_pillar,
          hell_entry, st_stairs_7, nicolae_transmutations_shop
Depths:3: hangedman_cross_stitches, layout_honeycomb, pan_entry,
          grunt_hell_entry_dis_grunt, minivault_16, uniq_margery
Depths:4: hangedman_crystal_crosses_colossus [crystal_crosses_arms_four,
          crystal_crosses_arms_two, crystal_crosses_arms_one,
          crystal_crosses_arms_one], abyss_entry, hell_entry, serial_shops
Depths:5: grunt_zot_entry_tricorne, layout_honeycomb, enter_ziggurat_a,
          serial_shops, nicolae_shop_competitors_out_of_business, abyss_entry,
          ashenzari_altar_1, lightli_too_deep, uniq_frederick
Zig:10

Skill      XL: |  1  2  3  4  5  6  7  8  9 10 11 12 13 14 15 16 17 18 19 20 21 22 23 24 25 26 27 |
---------------+----------------------------------------------------------------------------------+-----
Fighting       | 1 2 4 6 7 10 12 15 16 17 19 20 22 | 22.8
Short Blades   | 2 4 5 6 10 12 | 12.0
Dodging        | 3 6 9 11 12 13 17 18 20 | 20.3
Armour         | 7 10 11 14 15 17 18 19 21 | 21.0
Invocations    | 7 16 | 16.1
Shields        | 3 6 9 14 15 16 17 18 20 21 | 21.0
Evocations     | 4 10 | 10.1
Long Blades    | 10 12 | 12.7
Stealth        | |  2.1
Spellcasting   | |  1.5
Conjurations   | |  0.7
Fire Magic     | |  3.0

Action                   |  1- 3 |  4- 6 |  7- 9 | 10-12 | 13-15 | 16-18 | 19-21 | 22-24 | 25-27 || total
-------------------------+-------+-------+-------+-------+-------+-------+-------+-------+-------++-------
Melee: Unarmed           |     7 |       |       |       |       |       |       |       |       ||     7
       Dagger            |    66 |   180 |   265 |   997 |  1412 |  3194 |       |       |       ||  6114
       Short sword       |       |       |    88 |   122 |   164 |       |       |       |       ||   374
       Rapier            |       |       |       |       |       |   270 |   107 |       |       ||   377
       Demon blade       |       |       |       |       |       |       |  1511 |  1389 |   260 ||  3160
       Cutlass           |       |       |       |       |       |       |       |    12 |  2362 ||  2374
       Eudemon blade     |       |       |       |       |       |       |       |       |   464 ||   464
Throw: Dart              |     1 |     2 |     2 |       |       |       |     5 |       |       ||    10
       Throwing net      |       |       |       |       |       |     1 |     2 |       |       ||     3
 Cast: Flame Tongue      |    38 |    32 |     9 |     2 |       |       |       |       |       ||    81
Invok: Call Merchant     |       |       |       |       |       |     7 |     1 |       |     2 ||    10
       Potion Petition   |       |       |       |       |       |     1 |       |     1 |       ||     2
       Summon Divine War |       |       |       |       |       |       |       |       |     1 ||     1
       Brand Weapon With |       |       |       |       |       |       |       |       |     1 ||     1
Evoke: Wand              |       |       |       |    19 |    38 |     2 |     6 |     9 |       ||    74
       Sack of spiders   |       |       |       |       |     1 |     1 |       |       |       ||     2
       Lamp of fire      |       |       |       |       |     1 |     2 |     1 |     2 |     1 ||     7
       Phantom mirror    |       |       |       |       |     1 |       |       |       |       ||     1
       Box of beasts     |       |       |       |       |       |     1 |     1 |     2 |       ||     4
       Fan of gales      |       |       |       |       |       |       |       |       |     1 ||     1
  Use: Scroll            |     2 |     8 |    11 |     2 |    14 |    12 |    26 |     8 |    25 ||   108
       Potion            |       |       |     2 |     2 |     6 |     5 |     1 |    14 |     8 ||    38
 Stab: Sleeping          |       |    10 |     9 |     2 |       |       |       |       |       ||    21
       Distracted        |       |     1 |       |     7 |    12 |    17 |    11 |     9 |    13 ||    70
       Confused          |       |       |       |       |     2 |       |       |       |       ||     2
       Held in net/web   |       |       |       |       |       |     1 |       |       |       ||     1
       Paralysed         |       |       |       |       |       |     3 |       |       |       ||     3
       Invisible         |       |       |       |       |       |       |     5 |       |       ||     5
  Eat: Chunk             |     2 |    11 |     3 |       |       |       |       |       |       ||    16
       Ration            |       |       |     3 |     5 |     9 |    17 |    12 |     8 |    17 ||    71
Armor: Robe              |    27 |    58 |    49 |    10 |       |       |       |       |       ||   144
       Scale mail        |    16 |       |       |   223 |    40 |       |       |       |       ||   279
       Plate armour      |       |       |       |       |   504 |  1248 |   735 |   503 |   477 ||  3467
Dodge: Dodged            |    92 |   158 |   266 |   828 |   712 |  1794 |   879 |   652 |   691 ||  6072
Block: Buckler           |       |       |       |       |    12 |   807 |       |       |       ||   819
       Reflection        |       |       |       |       |       |    20 |    29 |    74 |       ||   123
       Shield            |       |       |       |       |       |   100 |  1224 |   957 |  1633 ||  3914
       Rpst.: Demon blade |       |       |       |       |       |       |   134 |   106 |    10 ||   250
       Eudemon blade     |       |       |       |       |       |       |       |       |    25 ||    25
